[Event "Titled Tuesday Blitz October 5 2021"]
[White "Al-Tarboush, Ward"]
[Black "Cunha, Lucas Aguiar"]
[WhiteFideId "7601450"]
[BlackFideId "2125404"]
[WhiteElo "2296"]
[BlackElo "2361"]
[Result "0-1"]
[Round "11"]
[TimeControl "180+1"]
[Date "2021.10.05"]
[WhiteClock "0:00:01"]
[BlackClock "0:00:36"]

1. d4 Nf6 2. Nf3 c5 3. c3 d5 4. Nbd2 Nc6 5. dxc5 e5 6. b4 a5 7. b5 Na7 8. Nxe5 Bxc5 9. Nd3 Bd6 10. a4 O-O 11. e3 Bf5 12. Be2 Nc8 13. O-O Qc7 14. Nf4 Qxc3 15. Nf3 Qxa1 16. Nd4 Bxf4 17. exf4 Nd6 18. Qd2 Nfe4 19. Qe3 Rfc8 20. Bd3 Re8 21. Nxf5 Nxf5 22. Qf3 Nd4 23. Qg4 Nf6 24. Qg3 Ne2+ 25. Bxe2 Rxe2 26. h4 Rc8 27. Be3 Re1 28. Rxe1 Qxe1+ 29. Kh2 Qd1 30. Qh3 Ng4+ 31. Kg3 f5 32. h5 Rc3 33. Kh4 Qe1 34. g3 Rxe3 35. fxe3 Qxe3 36. Qf1 Nf2 0-1


[Site "https://www.chess.com"]

[Event "Titled Tuesday Blitz October 5 2021"]
[White "Andreikin, Dmitry"]
[Black "Bazarov, Konstantin"]
[WhiteFideId "4158814"]
[BlackFideId "4137000"]
[WhiteElo "2736"]
[BlackElo "2084"]
[Result "1/2-1/2"]
[Round "11"]
[TimeControl "180+1"]
[Date "2021.10.05"]
[WhiteClock "0:00:51"]
[BlackClock "0:00:31"]

1. b3 Nc6 2. Bb2 e5 3. e3 a6 4. c4 Nf6 5. Nf3 d6 6. d4 exd4 7. Nxd4 Bd7 8. Nc3 Be7 9. Be2 O-O 10. O-O Re8 11. Bf3 Bf8 12. Rc1 Rb8 13. h3 Ne5 14. Nd5 c6 15. Nxf6+ Qxf6 16. Be4 Ng6 17. Qc2 Qg5 18. Bf5 Nh4 19. f4 Bxf5 20. fxg5 Bxc2 21. Rxc2 Rxe3 22. Rcf2 Re7 23. g3 Ng6 24. Nf5 Rd7 25. h4 Re8 26. h5 Ne5 27. Rd1 g6 28. hxg6 hxg6 29. Nh6+ Bxh6 30. gxh6 Ng4 31. Rd4 f5 32. Rfd2 Re6 33. Kg2 Nxh6 34. Rh4 Nf7 35. Kf3 Rde7 36. Bd4 Re4 37. Bf6 R7e6 38. Bb2 Rxh4 39. gxh4 Kh7 40. a4 Kh6 41. h5 Kxh5 42. Rh2+ Kg5 43. Rg2+ Kh6 44. Rh2+ Kg5 45. Rg2+ Kh5 46. Rh2+ Kg5 1/2-1/2


[Site "https://www.chess.com"]

[Event "Titled Tuesday Blitz October 5 2021"]
[White "Aradhya, Garg"]
[Black "Fier, Alexandr"]
[WhiteFideId "25006746"]
[BlackFideId "2107139"]
[WhiteElo "2146"]
[BlackElo "2569"]
[Result "0-1"]
[Round "11"]
[TimeControl "180+1"]
[Date "2021.10.05"]
[WhiteClock "0:00:01"]
[BlackClock "0:01:31"]

1. d4 Nf6 2. c4 c5 3. d5 e6 4. Nf3 exd5 5. cxd5 d6 6. e4 g6 7. Bd3 Bg7 8. O-O Bg4 9. Qa4+ Nfd7 10. Nbd2 Bxf3 11. Nxf3 O-O 12. Qc2 Na6 13. a3 Rb8 14. Rb1 b5 15. b4 c4 16. Be2 Nc7 17. Be3 f5 18. Rfd1 fxe4 19. Ng5 Nf6 20. Nxe4 Nxe4 21. Qxe4 a6 22. Bg4 Kh8 23. g3 Ne8 24. Be6 Nf6 25. Qd4 Nd7 26. Qa7 Ne5 27. f4 Nd3 28. Bd4 Bxd4+ 29. Qxd4+ Qf6 30. Qxf6+ Rxf6 31. Rd2 h6 32. Kg2 g5 33. f5 Ne5 34. h3 Kg7 35. g4 Rff8 36. a4 bxa4 37. Ra2 a5 38. Rxa4 axb4 39. Raxb4 Rxb4 40. Rxb4 Ra8 41. Rb7+ Kf6 42. Kf2 Ra3 43. Kg2 Nd3 44. Rf7+ Ke5 45. Rc7 c3 46. f6 Kxf6 47. Kf3 c2 0-1


[Site "https://www.chess.com"]

[Event "Titled Tuesday Blitz October 5 2021"]
[White "Avila Pavas, Santiago"]
[Black "Nagy, Gabor"]
[WhiteFideId "4437128"]
[BlackFideId "737119"]
[WhiteElo "2674"]
[BlackElo "2816"]
[Result "0-1"]
[Round "11"]
[TimeControl "180+1"]
[Date "2021.10.05"]
[WhiteClock "0:01:52"]
[BlackClock "0:02:30"]

1. d4 d5 2. Bf4 Nf6 3. e3 Bg4 4. Nf3 e6 5. c4 Bb4+ 6. Nc3 O-O 7. Be2 dxc4 8. Bxc4 Nd5 9. Bxd5 exd5 10. Qb3 Nc6 11. O-O Bxc3 12. Qxc3 Bxf3 13. gxf3 Qd7 14. Kg2 Rac8 15. Rac1 Nd8 16. Bg3 Ne6 17. Qa5 a6 18. Rc2 c6 19. a4 Ng5 20. f4 Qh3+ 0-1


[Site "https://www.chess.com"]

[Event "Titled Tuesday Blitz October 5 2021"]
[White "Avramidou, Anastasia"]
[Black "Skuhala, Barbara"]
[WhiteFideId "4239873"]
[BlackFideId "14605465"]
[WhiteElo "2183"]
[BlackElo "2121"]
[Result "1/2-1/2"]
[Round "11"]
[TimeControl "180+1"]
[Date "2021.10.05"]
[WhiteClock "0:01:45"]
[BlackClock "0:02:28"]

1. d4 Nf6 2. Nc3 d5 3. Bg5 e6 4. e4 dxe4 5. Nxe4 Be7 6. Bxf6 Bxf6 7. c3 O-O 8. Nf3 b6 9. Bd3 Bb7 10. O-O Nd7 11. Qe2 Be7 12. Rad1 Nf6 13. Ne5 Nxe4 14. Bxe4 Bxe4 15. Qxe4 Bd6 16. Rfe1 Bxe5 17. dxe5 Qe7 18. Re2 Rad8 19. Red2 Rxd2 20. Rxd2 Rd8 21. Rd4 c5 22. Rd3 Rxd3 23. Qxd3 g6 24. f4 Kg7 25. g3 Qb7 26. h3 h5 27. Kh2 Qc6 28. g4 hxg4 29. hxg4 Qa4 30. Kg3 Qxa2 31. Qd8 Qxb2 32. Qf6+ Kg8 33. Qd8+ Kh7 34. Qh4+ Kg7 35. Qf6+ Kg8 36. Qd8+ Kg7 37. Qf6+ 1/2-1/2


[Site "https://www.chess.com"]

[Event "Titled Tuesday Blitz October 5 2021"]
[White "Bach, Matthias"]
[Black "Hryshchenko, Kamila"]
[WhiteFideId "4603168"]
[BlackFideId "14147491"]
[WhiteElo "2165"]
[BlackElo "1929"]
[Result "0-1"]
[Round "11"]
[TimeControl "180+1"]
[Date "2021.10.05"]
[WhiteClock "0:01:52"]
[BlackClock "0:01:28"]

1. d4 g6 2. c4 d6 3. f4 Bg7 4. Nf3 Nf6 5. Nc3 O-O 6. e4 c5 7. d5 e6 8. Be2 exd5 9. cxd5 Re8 10. e5 dxe5 11. fxe5 Ng4 12. e6 fxe6 13. Bg5 Qb6 14. Qd2 exd5 15. O-O-O d4 16. Bc4+ Kh8 17. Rhe1 Rf8 18. Nd5 Qc6 19. h3 Ne3 20. Nxe3 dxe3 21. Rxe3 Na6 22. Re7 Qa4 23. b3 Qa3+ 24. Kb1 Bf5+ 0-1


[Site "https://www.chess.com"]

[Event "Titled Tuesday Blitz October 5 2021"]
[White "Baskin, Robert"]
[Black "Maly, Alexey"]
[WhiteFideId "24662402"]
[BlackFideId "14103184"]
[WhiteElo "2521"]
[BlackElo "2294"]
[Result "1-0"]
[Round "11"]
[TimeControl "180+1"]
[Date "2021.10.05"]
[WhiteClock "0:00:14"]
[BlackClock "0:00:14"]

1. e4 c6 2. d4 d5 3. e5 Bf5 4. Nc3 e6 5. g4 Bg6 6. Nge2 c5 7. h4 cxd4 8. Nxd4 h5 9. Bb5+ Nd7 10. f4 hxg4 11. f5 Rxh4 12. Rf1 Rh2 13. Bxd7+ Kxd7 14. Qxg4 exf5 15. Nxf5 Bxf5 16. Qxf5+ Kc6 17. Bg5 Be7 18. Bxe7 Nxe7 19. Qxf7 Rxc2 20. Qe6+ Kc5 21. Rf4 d4 22. Ne4+ Kb5 23. Qb3+ Ka6 24. Qxc2 Nd5 25. Qa4+ Kb6 26. Rf3 Qh4+ 27. Nf2 Ne3 28. Rxe3 a6 29. Rb3+ Ka7 30. O-O-O Qxf2 31. Qxd4+ 1-0


[Site "https://www.chess.com"]

[Event "Titled Tuesday Blitz October 5 2021"]
[White "Berezin, Viktor"]
[Black "Gimenez Aguirre, Alejo Ismael"]
[WhiteFideId "14107872"]
[BlackFideId "32041667"]
[WhiteElo "2310"]
[BlackElo "2031"]
[Result "0-1"]
[Round "11"]
[TimeControl "180+1"]
[Date "2021.10.05"]
[WhiteClock "0:00:02"]
[BlackClock "0:00:08"]

1. d4 Nf6 2. Nf3 e6 3. g3 b5 4. Bg2 Bb7 5. O-O c5 6. a4 b4 7. c3 a5 8. Bg5 Be7 9. Nbd2 h6 10. Bxf6 gxf6 11. e4 d5 12. dxc5 Bxc5 13. Nb3 Be7 14. exd5 Bxd5 15. Nfd4 h5 16. c4 Bxg2 17. Kxg2 Nd7 18. Qf3 Ne5 19. Qe2 Qc7 20. f4 Qb7+ 21. Kg1 Nd7 22. Nb5 h4 23. Qg2 Qb6+ 24. Qf2 Qb8 25. g4 h3 26. Rad1 Rg8 27. Qf3 Qb6+ 28. Kh1 Rc8 29. Rd4 e5 30. Re4 exf4 31. c5 Nxc5 32. Nxc5 Rxc5 33. Rfe1 Re5 34. Rxe5 fxe5 35. Rxe5 Qb8 36. Qe4 Qd8 37. Qe2 Kf8 38. Re4 Qd7 39. Nd4 Rxg4 40. Nf3 Rg2 41. Qe1 Bc5 42. Ne5 Qf5 43. Qh4 Rg1# 0-1


[Site "https://www.chess.com"]

[Event "Titled Tuesday Blitz October 5 2021"]
[White "Beulen, Marcel"]
[Black "Demin, Vladimir"]
[WhiteFideId "1001450"]
[BlackFideId "4167457"]
[WhiteElo "2395"]
[BlackElo "2513"]
[Result "1-0"]
[Round "11"]
[TimeControl "180+1"]
[Date "2021.10.05"]
[WhiteClock "0:00:12"]
[BlackClock "0:00:19"]

1. e4 d5 2. exd5 Nf6 3. d4 Nxd5 4. Nf3 g6 5. Be2 Bg7 6. O-O O-O 7. h3 c5 8. dxc5 Nc6 9. Nbd2 Bf5 10. Nb3 e5 11. Bc4 Ndb4 12. a3 Nxc2 13. Ra2 N2d4 14. Nbxd4 exd4 15. b4 a6 16. Bf4 h6 17. Bd6 Re8 18. Rd2 Qf6 19. Qb3 g5 20. Bd5 d3 21. Bxc6 bxc6 22. Rxd3 Bxd3 23. Qxd3 Qc3 24. Qf5 Re6 25. h4 gxh4 26. Nxh4 Qxa3 27. Qg4 Rae8 28. g3 Qd3 29. Rd1 Qe4 30. Qh5 Qe2 31. Qxe2 Rxe2 32. Nf5 Rb2 33. Ra1 Ra8 34. Nxg7 Kxg7 35. Be5+ Kg6 36. Bxb2 Kf5 37. Rd1 Rb8 38. Bc3 Re8 39. Kf1 Re4 40. Rd4 1-0


[Site "https://www.chess.com"]

[Event "Titled Tuesday Blitz October 5 2021"]
[White "Bortnyk, Olexandr"]
[Black "Babazada, Khazar"]
[WhiteFideId "14120828"]
[BlackFideId "13413554"]
[WhiteElo "2992"]
[BlackElo "2829"]
[Result "1-0"]
[Round "11"]
[TimeControl "180+1"]
[Date "2021.10.05"]
[WhiteClock "0:00:23"]
[BlackClock "0:00:33"]

1. e4 c5 2. c3 Nc6 3. d4 cxd4 4. cxd4 d5 5. exd5 Qxd5 6. Be3 e5 7. Nc3 Bb4 8. Nf3 Nf6 9. dxe5 Qxd1+ 10. Rxd1 Ng4 11. Bf4 Be6 12. a3 Bxc3+ 13. bxc3 h5 14. h3 Nh6 15. Bb5 Nf5 16. O-O O-O 17. Ng5 Nfe7 18. Nxe6 fxe6 19. Bg3 Rfd8 20. Rd6 Kf7 21. Rfd1 Nf5 22. Rd7+ Ke8 23. Bxc6 bxc6 24. Rxd8+ Rxd8 25. Rxd8+ Kxd8 26. Bf4 Kd7 27. Bg5 g6 28. g4 Ng7 29. c4 Ne8 30. Kg2 Nc7 31. Kg3 hxg4 32. Kxg4 Ke8 33. Be3 1-0


[Site "https://www.chess.com"]

[Event "Titled Tuesday Blitz October 5 2021"]
[White "Bouget, Alexandre"]
[Black "Przybylski, Wojciech"]
[WhiteFideId "681318"]
[BlackFideId "1117599"]
[WhiteElo "2178"]
[BlackElo "2247"]
[Result "1-0"]
[Round "11"]
[TimeControl "180+1"]
[Date "2021.10.05"]
[WhiteClock "0:00:09"]
[BlackClock "0:00:06"]

1. d4 Nf6 2. c4 e6 3. Nc3 Bb4 4. e3 O-O 5. Bd2 b6 6. Bd3 Bb7 7. Nf3 d6 8. O-O Nbd7 9. Rc1 e5 10. Bf5 Re8 11. a3 Bxc3 12. Bxc3 e4 13. Nd2 d5 14. c5 g6 15. Bh3 Nb8 16. b4 b5 17. Nb3 Nc6 18. Bd2 Bc8 19. Bxc8 Qxc8 20. f3 Kg7 21. Be1 exf3 22. Qxf3 Qe6 23. Bh4 Ne4 24. Rce1 a5 25. Nc1 axb4 26. axb4 Nxb4 27. Ne2 Nd3 28. Rd1 Ra3 29. Rxd3 Rxd3 30. Nf4 Qf5 31. Nxd3 Qxf3 32. Rxf3 Ra8 33. h3 f5 34. Nb4 Ra1+ 35. Kh2 Nc3 36. e4 Nxe4 37. Nxd5 Rd1 38. Bg3 Kf7 39. Be5 c6 40. Nb4 Ke6 41. Nxc6 Kd5 42. Ne7+ Ke6 43. Ng8 b4 44. Nh6 b3 45. Rxb3 Rc1 46. Rb6+ Kd5 47. Rb7 Nf2 48. Rxh7 f4 49. g3 Rh1+ 50. Kg2 f3+ 51. Kxf3 Rh2 52. Ke3 Nxh3 53. Rd7+ Ke6 54. Rd6+ Ke7 55. Rxg6 Ng1 56. Rg7+ Ke6 57. Kd3 Re2 58. Ng4 Re1 59. Ne3 Nf3 60. Ke4 Nd2+ 61. Kd3 Nf3 62. Ke4 Nd2+ 63. Kf4 Re2 64. Ng4 Re4+ 65. Kg5 Nf3+ 66. Kh5 Re1 67. Rg6+ Kf5 68. Rf6+ Ke4 69. Rf4+ Kd5 70. Rxf3 Rh1+ 71. Kg5 Rh7 72. Rf6 Rh1 73. Rd6+ Ke4 74. Nf2+ Kf3 75. Nxh1 Ke4 76. c6 Kf3 77. c7 Ke4 78. c8=Q Kf3 79. Qf5+ Kg2 80. Qf2+ Kh3 81. Rh6# 1-0


[Site "https://www.chess.com"]

[Event "Titled Tuesday Blitz October 5 2021"]
[White "Brunner, Nicolas"]
[Black "Gombocz, Ferenc Jr."]
[WhiteFideId "620246"]
[BlackFideId "775029"]
[WhiteElo "2372"]
[BlackElo "1913"]
[Result "1-0"]
[Round "11"]
[TimeControl "180+1"]
[Date "2021.10.05"]
[WhiteClock "0:00:39"]
[BlackClock "0:00:10"]

1. d4 d5 2. c4 c6 3. cxd5 cxd5 4. Nc3 Nc6 5. Bf4 Nf6 6. e3 a6 7. Bd3 Bg4 8. Nge2 e6 9. O-O Bd6 10. f3 Bh5 11. Rc1 O-O 12. Na4 Bg6 13. Nc5 Bxc5 14. Rxc5 Bxd3 15. Qxd3 Qb6 16. Qd2 e5 17. Bg5 exd4 18. exd4 Ne7 19. Nc3 Rfd8 20. Re1 Nf5 21. Qf4 Re8 22. Rxe8+ Rxe8 23. Qxf5 Qxb2 24. h4 Nh5 25. Qe5 Kf8 26. Be7+ Kg8 27. Qxh5 Qc1+ 28. Kh2 Qf4+ 29. Kh3 Qxd4 30. Qxd5 Qe3 31. Ne4 h6 32. Qd7 Ra8 33. Rc8+ Rxc8 34. Qxc8+ Kh7 35. Qf5+ Kg8 36. Qc8+ Kh7 37. Qxb7 f5 38. Qd5 fxe4 39. Qxe4+ Qxe4 40. fxe4 Kg6 41. Kg4 Kf7 42. Bb4 Ke6 43. Kf4 g6 44. g4 g5+ 45. hxg5 hxg5+ 46. Kxg5 Ke5 47. Kh6 Kxe4 48. g5 Kd3 49. g6 Kc4 50. a3 Kb3 51. g7 Ka4 52. g8=Q a5 53. Bd6 1-0


[Site "https://www.chess.com"]

[Event "Titled Tuesday Blitz October 5 2021"]
[White "Chernomordik, Pavel"]
[Black "Gorin, Leonid"]
[WhiteFideId "2804530"]
[BlackFideId "4131991"]
[WhiteElo "2281"]
[BlackElo "2363"]
[Result "1-0"]
[Round "11"]
[TimeControl "180+1"]
[Date "2021.10.05"]
[WhiteClock "0:00:17"]
[BlackClock "0:00:11"]

1. e4 e5 2. Nf3 Nc6 3. Bb5 a6 4. Ba4 Nf6 5. Qe2 d6 6. c3 Be7 7. d4 Bd7 8. O-O O-O 9. d5 Nb8 10. Bc2 Bg4 11. h3 Bxf3 12. Qxf3 Nbd7 13. Be3 h6 14. Nd2 Nh7 15. Nc4 Bg5 16. b4 b6 17. a4 Bxe3 18. Qxe3 Qg5 19. Bd3 Qg6 20. a5 b5 21. Nd2 Nhf6 22. c4 bxc4 23. Bxc4 Nh5 24. Rfb1 Nf4 25. Bf1 f5 26. Rc1 fxe4 27. Rxc7 Nf6 28. Rc6 N6xd5 29. Qg3 Qf5 30. Rxd6 Nh5 31. Qh4 Nxb4 32. Nxe4 Nf4 33. Ng3 Qf7 34. Rc1 Nfd3 35. Bxd3 Qxf2+ 36. Kh2 Nxd3 37. Rxd3 Rab8 38. Qe4 Rb2 39. Rf1 Qc5 40. Rxf8+ Qxf8 41. Qxe5 Qf2 42. Qe4 Rb8 43. Rd7 Rf8 44. Nh5 Rf7 45. Qe8+ 1-0


[Site "https://www.chess.com"]

[Event "Titled Tuesday Blitz October 5 2021"]
[White "Coto Mederos, Michel"]
[Black "Bristy, Mukherjee"]
[WhiteFideId "3508528"]
[BlackFideId "25077325"]
[WhiteElo "2427"]
[BlackElo "1661"]
[Result "1-0"]
[Round "11"]
[TimeControl "180+1"]
[Date "2021.10.05"]
[WhiteClock "0:00:28"]
[BlackClock "0:00:05"]

1. c4 Nf6 2. Nc3 e5 3. Nf3 d6 4. e4 Be7 5. d4 O-O 6. Be2 exd4 7. Nxd4 Nc6 8. Nxc6 bxc6 9. O-O Be6 10. Be3 Qc8 11. f3 Qa6 12. b3 Qa5 13. Qc2 Rfb8 14. h3 d5 15. cxd5 cxd5 16. exd5 Nxd5 17. Nxd5 Qxd5 18. Bd3 h6 19. Be4 Qe5 20. f4 Qh5 21. Bf3 Bf5 22. Qxc7 Qg6 23. Qxe7 Re8 24. Qc5 Rac8 25. Qxa7 Rc2 26. Rf2 Rxf2 27. Bxf2 Bxh3 28. Re1 Rc8 29. Kh2 Be6 30. Qe3 Rc2 31. Re2 Kf8 32. Rxc2 Qxc2 33. Qc5+ Qxc5 34. Bxc5+ Ke8 35. Bd1 Kd7 36. Bd4 Kc6 37. Bxg7 h5 38. Bxh5 Kb5 39. Bf8 Bd5 40. Be2+ Kb6 41. g4 Be6 42. Kg3 Kc6 43. Bc4 Bxc4 44. bxc4 Kb6 45. g5 Ka5 46. f5 Ka4 47. g6 Ka5 48. gxf7 Ka4 49. Be7 Ka5 50. f8=Q Kb6 51. Qc8 Ka7 52. Bc5# 1-0


[Site "https://www.chess.com"]

[Event "Titled Tuesday Blitz October 5 2021"]
[White "Csonka, Balazs"]
[Black "Siva Mahadevan"]
[WhiteFideId "742910"]
[BlackFideId "25043153"]
[WhiteElo "2719"]
[BlackElo "2877"]
[Result "1-0"]
[Round "11"]
[TimeControl "180+1"]
[Date "2021.10.05"]
[WhiteClock "0:01:47"]
[BlackClock "0:02:46"]

1. d4 Nf6 2. c4 g6 3. Nc3 Bg7 4. e4 O-O 5. Nf3 d6 6. Be2 e5 7. O-O Nc6 8. dxe5 Ne7 9. exf6 Bxf6 10. Bd2 Bg7 11. Qc2 f5 12. Rae1 fxe4 13. Nxe4 Nf5 14. Bc3 Bd7 15. Bxg7 Kxg7 16. Qc3+ Kg8 17. Nd4 Nh4 18. Nf3 Nf5 19. Ng3 Ng7 20. Nd4 c5 21. Nc2 Bc6 22. Ne3 h5 23. Nd5 Ne6 24. Bd3 Nd4 25. Bxg6 h4 26. Ne7+ Kg7 27. Ngf5+ 1-0


[Site "https://www.chess.com"]

[Event "Titled Tuesday Blitz October 5 2021"]
[White "Dang, Hoang Son"]
[Black "Maksimenko, Viktor"]
[WhiteFideId "12402435"]
[BlackFideId "13710478"]
[WhiteElo "2248"]
[BlackElo "2269"]
[Result "1-0"]
[Round "11"]
[TimeControl "180+1"]
[Date "2021.10.05"]
[WhiteClock "0:00:36"]
[BlackClock "0:00:02"]

1. d4 Nf6 2. c4 e6 3. Nf3 d5 4. g3 Be7 5. Bg2 O-O 6. O-O dxc4 7. Qc2 a6 8. Qxc4 b5 9. Qc2 Bb7 10. Bf4 Nd5 11. Nbd2 Nd7 12. Rac1 Nxf4 13. gxf4 c5 14. Ng5 Bxg5 15. Bxb7 Ra7 16. Bg2 Bxf4 17. dxc5 Rc7 18. b4 Nxc5 19. bxc5 Qxd2 20. e3 Qxc2 21. Rxc2 Be5 22. f4 Bf6 23. Rd1 Rfc8 24. c6 Kf8 25. Rd3 Ke8 26. a4 b4 27. Rc4 Rb8 28. Rb3 a5 29. Rc5 Ra7 30. Kf2 Bd8 31. Ke2 Bc7 32. h4 Rd8 33. h5 Raa8 34. Be4 g6 35. h6 Ke7 36. Rb5 Rab8 37. Rb7 Rxb7 38. cxb7 f5 39. Bf3 e5 40. fxe5 Bxe5 41. Rb1 Bc3 42. Bc6 Be5 43. Rc1 b3 44. Rc5 Kf6 45. Rxa5 b2 46. Rb5 g5 47. a5 g4 48. a6 Bb8 49. Rxb2 Kg5 50. Rb5 Rd6 51. Rc5 Ba7 52. Bb5 Rxh6 53. Bd3 Rf6 54. Rc8 Rb6 55. Ra8 Rb2+ 56. Ke1 Bxe3 57. b8=Q Rxb8 58. Rxb8 f4 59. Rg8+ Kh4 60. Bxh7 f3 61. Be4 Kg3 62. Bf5 f2+ 63. Kf1 1-0


[Site "https://www.chess.com"]

[Event "Titled Tuesday Blitz October 5 2021"]
[White "Demchenko, Anton"]
[Black "Nakamura, Hikaru"]
[WhiteFideId "4160258"]
[BlackFideId "2016192"]
[WhiteElo "2867"]
[BlackElo "3184"]
[Result "0-1"]
[Round "11"]
[TimeControl "180+1"]
[Date "2021.10.05"]
[WhiteClock "0:00:04"]
[BlackClock "0:00:19"]

1. e4 c5 2. Nf3 d6 3. d4 cxd4 4. Qxd4 Nc6 5. Qe3 Nf6 6. Nc3 g6 7. Bc4 Bg7 8. O-O O-O 9. h3 a6 10. a4 Qc7 11. Rd1 Nb4 12. Bb3 Be6 13. Qe2 Bxb3 14. cxb3 Nd7 15. Bg5 e6 16. Rac1 Nc6 17. Bf4 Nde5 18. Nd2 Rac8 19. Be3 Rfd8 20. f4 Nd7 21. Nc4 Bf8 22. Qf2 Qb8 23. f5 b5 24. Nb6 Nxb6 25. Bxb6 Re8 26. axb5 axb5 27. Nxb5 Ne5 28. Nc7 Re7 29. Rc3 Rexc7 30. Bxc7 Rxc7 31. fxe6 fxe6 32. Rxc7 Qxc7 33. Rf1 Be7 34. Qe3 Qc5 35. Qxc5 dxc5 36. Rd1 Kf7 37. Kf2 Nc6 38. Rd7 Na5 39. Rd3 Bf6 40. Rd7+ Kg8 41. Rd6 Bxb2 42. Rxe6 Nxb3 43. Rb6 Bd4+ 44. Ke2 Na5 45. Kf3 c4 46. Rb4 Kf7 47. Ra4 Bb6 48. e5 c3 49. Ra3 Bd4 50. Ra2 Nc6 51. Ke4 Bxe5 52. Ra6 Nb4 53. Ra7+ Ke6 54. Ra8 c2 55. Rc8 Bb2 56. Kf4 c1=Q+ 57. Rxc1 Bxc1+ 58. Kg4 Nd5 59. g3 h5+ 60. Kh4 Ne3 61. g4 hxg4 62. hxg4 0-1


[Site "https://www.chess.com"]

[Event "Titled Tuesday Blitz October 5 2021"]
[White "Deuer, Marius"]
[Black "Rodchenkov, Vitaly"]
[WhiteFideId "16236432"]
[BlackFideId "4152964"]
[WhiteElo "2091"]
[BlackElo "2337"]
[Result "0-1"]
[Round "11"]
[TimeControl "180+1"]
[Date "2021.10.05"]
[WhiteClock "0:00:03"]
[BlackClock "0:01:52"]

1. b3 e5 2. Bb2 Nc6 3. e3 Nf6 4. c4 d5 5. cxd5 Nxd5 6. Bb5 Bd6 7. Nf3 Qe7 8. Qc2 Bd7 9. a3 O-O 10. O-O Rad8 11. Bc4 Nb6 12. Nc3 Nxc4 13. bxc4 Bc8 14. d4 exd4 15. exd4 Rfe8 16. Rfe1 Qf6 17. Nd5 Qh6 18. Bc1 Rxe1+ 19. Nxe1 Qxh2+ 20. Kf1 Re8 21. Nf3 Qh1+ 22. Ng1 Bh2 23. Be3 Nxd4 0-1


[Site "https://www.chess.com"]

[Event "Titled Tuesday Blitz October 5 2021"]
[White "Diakonova, Ekaterina"]
[Black "Bilan, Danila"]
[WhiteFideId "24172936"]
[BlackFideId "24161918"]
[WhiteElo "2069"]
[BlackElo "2164"]
[Result "1-0"]
[Round "11"]
[TimeControl "180+1"]
[Date "2021.10.05"]
[WhiteClock "0:00:14"]
[BlackClock "0:00:03"]

1. d4 d5 2. Bf4 Nf6 3. e3 c5 4. c3 Nc6 5. Nd2 Bf5 6. dxc5 e5 7. Bg3 Bxc5 8. Ngf3 Qe7 9. Bb5 Nd7 10. Nb3 Be4 11. Nxc5 Qxc5 12. Bxc6 bxc6 13. Nxe5 Bxg2 14. Rg1 Be4 15. Qg4 Nxe5 16. Bxe5 Bg6 17. Bxg7 Rg8 18. Bd4 Qd6 19. Qg3 Qxg3 20. hxg3 Kd7 21. Ke2 a6 22. b4 Ke6 23. Rh1 Be4 24. f3 Bg6 25. g4 Rae8 26. f4 Be4 27. Rh6+ Kd7 28. g5 Re6 29. Rh2 Bf5 30. Rf1 Ra8 31. Bb6 Rb8 32. Bc5 Rbe8 33. Bd4 Rg8 34. Rfh1 Ra8 35. a3 Ke7 36. Bc5+ Kd7 37. Rh6 Rxh6 38. gxh6 Bg6 39. Rf1 Re8 40. f5 Bh5+ 41. Kd3 Bg4 42. Bd4 Re4 43. Rf2 Re8 44. Bg7 Bh3 45. Rf4 Bg2 46. Kd4 Be4 47. Kc5 Bd3 48. a4 Rxe3 49. Bd4 Re8 50. Rf3 Be4 51. Rf4 Bd3 52. f6 Bg6 53. b5 axb5 54. axb5 cxb5 55. Kxd5 Rc8 56. Bc5 Rc6 57. Bb4 Rc8 58. Rd4 Kc7 59. Kc5 Kb7+ 60. Kxb5 Re8 61. Rd7+ Kc8 62. Ra7 Re5+ 63. Kc6 Rh5 64. Ra8# 1-0


[Site "https://www.chess.com"]

[Event "Titled Tuesday Blitz October 5 2021"]
[White "Djordjevic, Vuk"]
[Black "Timmermans, Mark"]
[WhiteFideId "902098"]
[BlackFideId "1026399"]
[WhiteElo "2463"]
[BlackElo "2460"]
[Result "1-0"]
[Round "11"]
[TimeControl "180+1"]
[Date "2021.10.05"]
[WhiteClock "0:00:45"]
[BlackClock "0:00:22"]

1. d4 Nf6 2. Bg5 Ne4 3. Bf4 c5 4. f3 Qa5+ 5. c3 Nf6 6. d5 e6 7. e4 exd5 8. exd5 d6 9. Qd2 Be7 10. c4 Qxd2+ 11. Kxd2 O-O 12. Nc3 a6 13. g4 Re8 14. Bd3 Bf8 15. Nge2 b6 16. Ng3 h6 17. h4 Nfd7 18. Rae1 Ne5 19. Bxe5 Rxe5 20. Rxe5 dxe5 21. g5 f6 22. g6 Bb7 23. Bf5 Be7 24. Be6+ Kf8 25. Nf5 b5 26. Rg1 h5 27. cxb5 axb5 28. Nxb5 Na6 29. a3 Bxd5 30. Bxd5 Rd8 31. Nc3 Nc7 32. Ne3 f5 33. Nxf5 Nxd5 34. Nxd5 Rxd5+ 35. Kc2 Rd7 36. Rd1 Rb7 37. Rd5 c4 38. a4 Bf6 39. Rc5 Ke8 40. Nd6+ 1-0


[Site "https://www.chess.com"]

[Event "Titled Tuesday Blitz October 5 2021"]
[White "Erdogmus, Yagiz Kaan"]
[Black "Gabrielian, Artur"]
[WhiteFideId "44599790"]
[BlackFideId "4131002"]
[WhiteElo "1783"]
[BlackElo "2489"]
[Result "1-0"]
[Round "11"]
[TimeControl "180+1"]
[Date "2021.10.05"]
[WhiteClock "0:00:12"]
[BlackClock "0:00:21"]

1. c4 Nf6 2. e3 g6 3. b3 Bg7 4. Bb2 O-O 5. Nf3 d6 6. d4 Nbd7 7. Nbd2 e5 8. dxe5 Ng4 9. Be2 dxe5 10. h3 Nh6 11. O-O f5 12. e4 Nf7 13. b4 a5 14. a3 Qe7 15. c5 Nf6 16. Bc4 Be6 17. Nxe5 Nxe5 18. Bxe5 Bxc4 19. Nxc4 Nxe4 20. Bxg7 Kxg7 21. Qd4+ Rf6 22. f3 Ng3 23. Rfe1 Ne2+ 24. Kf2 Nxd4 25. Rxe7+ Rf7 26. Rxf7+ Kxf7 27. Rd1 Nc6 28. b5 Ne7 29. Rd7 Rc8 30. Nxa5 Ke6 31. Rd2 b6 32. Re2+ Kf7 33. Nc4 bxc5 34. Ne5+ Kf8 35. Nd7+ Ke8 36. Nxc5 Kf7 37. a4 Nd5 38. Rd2 Nc3 39. Rd3 Na2 40. a5 Nb4 41. Rd7+ Kf6 42. a6 f4 43. a7 Ra8 44. Rxc7 Nd5 45. Rb7 Ke5 46. Na4 Rc8 47. Rb8 Rc2+ 48. Ke1 Ne3 49. Re8+ Kd4 50. Rxe3 fxe3 51. a8=Q Rc1+ 52. Ke2 Rc2+ 53. Kd1 Rd2+ 54. Ke1 Ra2 55. Qe4# 1-0


[Site "https://www.chess.com"]

[Event "Titled Tuesday Blitz October 5 2021"]
[White "Florescu, Codrut-Constantin"]
[Black "Koridze, Lile"]
[WhiteFideId "1202200"]
[BlackFideId "13612514"]
[WhiteElo "2243"]
[BlackElo "1978"]
[Result "1-0"]
[Round "11"]
[TimeControl "180+1"]
[Date "2021.10.05"]
[WhiteClock "0:01:44"]
[BlackClock "0:01:57"]

1. d4 Nf6 2. c4 e6 3. Nf3 d5 4. Nc3 Bb4 5. Qa4+ Nc6 6. Bg5 O-O 7. e3 h6 8. Bxf6 Qxf6 9. Rc1 Bxc3+ 10. Rxc3 dxc4 11. Bxc4 e5 12. d5 Ne7 13. e4 c6 14. O-O cxd5 15. Bxd5 Nxd5 16. exd5 Bf5 17. Rc7 b6 18. Qc6 Qxc6 19. dxc6 Rfe8 20. Rc1 e4 21. Nd4 Bg6 22. Nb5 a6 23. Nd6 Red8 24. Rd7 Kf8 25. Rxd8+ Rxd8 26. c7 1-0


[Site "https://www.chess.com"]